 Dungeon Crawl Stone Soup version 0.22-a0-567-gff9aefc (webtiles) character file.

3920 Amnesiac the Covert (level 10, -8/46 HPs)
             Began as a Spriggan Fighter on June 30, 2018.
             Was a Follower of Ru.
             Killed by the air
             ... invoked by Gastronok
              (30 damage)
             ... on level 8 of the Dungeon.
             The game lasted 00:22:32 (11072 turns).

Amnesiac the Covert (Spriggan Fighter)             Turns: 11072, Time: 00:22:33

Health: -8/46      AC:  4    Str: 15    XL:     10   Next: 1%
Magic:  14/14      EV: 19    Int: 10    God:    Ru [*.....]
Gold:   250        SH:  8    Dex: 16    Spells: 9/9 levels left

rFire    . . .     SeeInvis +   b - +0 blowgun
rCold    + + .     Gourm    .   c - +1 buckler
rNeg     . . .     Faith    .   z - +1 robe {rC+}
rPois    .         Spirit   .   (helmet restricted)
rElec    .         Reflect  .   r - +0 cloak
rCorr    +         Harm     .   (gloves unavailable)
MR       +....                  (boots unavailable)
Stlth    ++++......             (no amulet)
HPRegen  0.15/turn              u - ring of protection from cold
MPRegen  0.14/turn              I - ring of resist corrosion

@: very slightly contaminated, slowed, quick
A: very small, unfitting armour, see invisible, herbivore, speed 3, slow
metabolism 2, unskilled 1
a: Renounce Religion


You were on level 8 of the Dungeon.
You worshipped Ru.
Ru was aware of your devotion.
You were not hungry.

You visited 2 branches of the dungeon, and saw 9 of its levels.
You also visited: Ossuary.

You collected 370 gold pieces.
You spent 120 gold pieces at shops.

Inventory:

Hand Weapons
 a - the +6 dagger of Naduac {flame, +Inv SInv}
   (You found it on level 6 of the Dungeon)

   It has been specially enchanted to burn those struck by it, causing extra
   injury to most foes and up to half again as much damage against particularly
   susceptible opponents.
   It lets you see invisible.
   It lets you turn invisible.
 b - a +0 blowgun (weapon)
Missiles
 E - 5 curare-tipped needles (quivered)
Armour
 c - a +1 buckler (worn)
 r - a +0 cloak (worn)
 z - a +1 robe of cold resistance (worn)
Jewellery
 u - a ring of protection from cold (left hand)
 y - an uncursed ring of positive energy
 D - an uncursed ring of positive energy
 I - a ring of resist corrosion (right hand)
Wands
 n - a wand of acid (8)
 x - a wand of random effects (25)
Scrolls
 e - 5 scrolls of amnesia {!r, unknown}
 i - a scroll of enchant weapon {!r, unknown}
 l - 3 scrolls of immolation {!r, unknown}
 m - a scroll of teleportation {!r}
 o - 8 scrolls of identify {!r}
 p - a scroll of noise {!r, unknown}
 q - 2 scrolls of magic mapping {!r, unknown}
 s - a scroll of enchant armour {!r}
 t - 2 scrolls of remove curse {!r}
 J - a scroll of blinking {!r}
Potions
 d - a potion of might {!q}
 g - 8 potions of curing {!q}
 h - 6 potions of heal wounds {!q, unknown}
 j - 3 potions of haste {!q}
 k - 4 potions of lignification {!q}
 v - a potion of invisibility {!q, unknown}
 w - a potion of cancellation {!q, unknown}
 A - 3 potions of flight {!q}
 B - 3 potions of mutation {!q, unknown}
 C - a potion of resistance {!q, unknown}
 F - a potion of magic {!q, unknown}
 G - a potion of brilliance {!q, unknown}
Comestibles
 f - 8 rations


   Skills:
 - Level 2.1 Fighting
 - Level 9.1 Short Blades
 - Level 4.0 Dodging
 - Level 9.2 Stealth
 + Level 6.2 Shields
 - Level 4.5 Evocations


You had 9 spell levels left.
You didn't know any spells.
Your spell library was empty.

Dungeon Overview and Level Annotations

Branches:
Dungeon (8/15)             Temple (1/1) D:7
   Lair: D:8-11

Altars:
Ashenzari
Cheibriados
Dithmenos
Elyvilon
Fedhas
Gozag
Hepliaklqana
Kikubaaqudgha
Makhleb
Nemelex Xobeh
Okawaru
Qazlal
Ru
Sif Muna
Trog
Uskayaw
Vehumet
Wu Jian
Xom
Yredelemnul
Zin
The Shining One

Shops:
D:7 !

Annotations:
D:8 Gastronok


Innate Abilities, Weirdness & Mutations

You are very small and have problems with some larger weapons.
You are too small for most types of armour.
You have supernaturally acute eyesight. (SInv)
You are a herbivore.
You cover ground extremely quickly.
You need to consume almost no food.
You are somewhat unskilled. (-1 Apt)


Message History

Gastronok misses you.
Wield which item (- for none, * to show all)? (? for menu, Esc to quit)
The +6 dagger of Naduac {flame, +Inv SInv} stops flaming.
b - a +0 blowgun (weapon)
Firing (i - inventory)
E - 6 curare-tipped needles (quivered)
Press: ? - help, Shift-Dir - straight line, f/p - Gastronok
Aim: Gastronok, wearing an embroidered hat (moderately wounded, poisoned, covering ground quickly)
You shoot a curare-tipped needle.
The curare-tipped needle hits Gastronok.
Gastronok looks even sicker.
Gastronok convulses.
Gastronok seems to slow down.
Gastronok is moderately wounded.
Gastronok chants a spell, wobbling all the while.
Wield which item (- for none, * to show all)? (? for menu, Esc to quit)
The +6 dagger of Naduac {flame, +Inv SInv} bursts into flame!
a - the +6 dagger of Naduac (weapon)
{flame, +Inv SInv} The bat completely misses you.
You hit Gastronok. You burn Gastronok.
Gastronok is moderately wounded.
The bat completely misses you.
You hit Gastronok but do no damage.
Gastronok is moderately wounded.
You block the bat's attack.
You hit Gastronok. You burn Gastronok.
Gastronok is moderately wounded.
The bat barely misses you. Gastronok bites you!
You completely miss Gastronok.
Gastronok is moderately wounded.
The bat misses you.
An orc comes into view. It is wielding a trident.
The orc shouts!
You hit Gastronok but do no damage.
Gastronok is moderately wounded.
The bat completely misses you. The bat closely misses you.
You hit Gastronok. You burn Gastronok.
Gastronok is heavily wounded.
You block the bat's attack.
You completely miss Gastronok.
Gastronok is heavily wounded.
Gastronok is no longer moving slowly.
The bat misses you.
You hit Gastronok. You burn Gastronok.
Gastronok is heavily wounded.
You block the bat's attack.
Gastronok mumbles some strange words.
Your legs wobble like jelly.
The bat misses you. You block the bat's attack. x2
Gastronok sloshes about.
The bat hits you but does no damage.
You closely miss the bat. The bat completely misses you.
You closely miss the bat. The bat barely misses you.
You hit the bat. You burn the bat.
You kill the bat!
The bat's corpse disappears in a puff of smoke!
Press: ? - help, v - describe, . - travel
Here: Gastronok, wearing an embroidered hat (heavily wounded, poisoned, covering ground quickly)
The floor.
The +6 dagger of Naduac {flame, +Inv SInv} stops flaming.
b - a +0 blowgun (weapon)
Gastronok bites you!
* * * LOW HITPOINT WARNING * * *
Gastronok waves his eye-stalks in wide circles.
The air twists around and strikes you!
Ouch! That really hurt!
You die...

#.#..##.## #. #.
##.##..##.## .## #.
#.####.....#
##.###.# ####.#
#...### ##..##..#
#....## ##.##
..###......#
##.....###..#
...........##
##.)###......#
.........#..###...#
###..###
#<.##..#.@..# #..#
##..#.......#
###.##
#.....###..###..r##
..........##
##..w.o#..#
..........#
#..o#####r.#
.........## #...#
#o... .........#
#....# ..###
##........ #......
##
#........##.....##.


You could see Gastronok and an orc.

Vanquished Creatures
  Duvessa (D:6)
  A water moccasin (D:6)
  2 ice beasts (D:7)
  A sky beast (D:6)
  2 black bears (D:6)
  2 phantoms
  A hornet zombie (D:6)
  An ogre (D:5)
  A centaur (Temple)
  4 elf zombies (Ossuary)
  A big kobold (D:5)
  A gnoll sergeant (D:6)
  A bullfrog (D:6)
  Dowan (D:6)
  2 scorpions (D:4)
  A howler monkey (D:4)
  11 jellies
  A crimson imp (D:6)
  2 centaur zombies (Ossuary)
  A quasit (D:5)
  3 hounds
  6 human zombies (Ossuary)
  4 orc priests
  2 orc wizards (D:4)
  3 bullfrog skeletons
  2 human skeletons (D:6)
  Jessica (D:2)
  3 iguanas
  A worker ant (D:5)
  2 killer bee zombies
  3 mummies (Ossuary)
  11 adders
  9 gnolls
  2 shadow imps
  2 oozes
  An adder zombie (D:3)
  An adder skeleton (D:5)
  2 worms
  A dart slug (D:4)
  4 leopard geckos
  25 orcs
  5 giant cockroaches
  4 goblins
  7 hobgoblins
  2 jackals (D:2)
  15 kobolds
  2 quokkas
  2 ball pythons
  8 bats
  4 frilled lizards
  3 leopard gecko skeletons
  3 orc skeletons (D:6)
  An orc zombie (D:6)
  4 quokka skeletons
  8 rats
194 creatures vanquished.

Vanquished Creatures (others)
  A two-headed ogre (D:8)
1 creature vanquished.

Grand Total: 195 creatures vanquished

Notes
Turn   | Place    | Note
-------+----------+-------------------------------------------
     0 | D:1      | Amnesiac the Spriggan Fighter began the quest for the Orb.
     0 | D:1      | Reached XP level 1. HP: 11/11 MP: 2/2
   180 | D:1      | Reached skill level 1 in Stealth
   274 | D:1      | Reached XP level 2. HP: 14/16 MP: 3/3
   832 | D:3      | Reached XP level 3. HP: 12/19 MP: 4/4
  1104 | D:4      | Reached XP level 4. HP: 23/23 MP: 5/5
  1461 | D:4      | Reached XP level 5. HP: 27/27 MP: 6/6
  1493 | D:4      | Noticed a phantom
  1522 | D:5      | Entered Level 5 of the Dungeon
  1599 | D:6      | Noticed Dowan
  1740 | D:6      | Noticed a black bear
  1861 | D:6      | Found a sand-covered staircase.
  1872 | Ossuary  | Entered an ossuary
  1998 | Ossuary  | Reached skill level 5 in Short Blades
  1998 | Ossuary  | Reached skill level 5 in Stealth
  1998 | Ossuary  | Reached XP level 6. HP: 21/32 MP: 7/7
  2831 | Ossuary  | Reached XP level 7. HP: 31/35 MP: 8/8
  3726 | D:6      | Got a pitted dagger
  3729 | D:6      | Identified the +6 dagger of Naduac {flame, +Inv SInv} (You found it on level 6 of the Dungeon)
  3841 | D:5      | Found a glowing silver altar of Zin.
  3936 | D:4      | Reached skill level 1 in Evocations
  4224 | D:4      | Reached XP level 8. HP: 32/39 MP: 10/12
  4654 | D:4      | Reached skill level 5 in Evocations
  4888 | D:5      | Found a white marble altar of Elyvilon.
  5084 | D:5      | Found a shattered altar of Ashenzari.
  5089 | D:5      | Found a snail-covered altar of Cheibriados.
  5782 | D:6      | Reached XP level 9. HP: 29/43 MP: 13/13
  6099 | D:6      | Noticed Duvessa
  6119 | D:6      | Killed Dowan
  6121 | D:6      | Killed Duvessa
  6553 | D:6      | Reached skill level 5 in Shields
  6903 | D:7      | Found Jeteanul's Distillery.
  6918 | D:7      | Bought a potion of degeneration for 12 gold pieces
  6918 | D:7      | Bought a potion of lignification for 36 gold pieces
  6918 | D:7      | Bought a potion of curing for 36 gold pieces
  6918 | D:7      | Bought a potion of flight for 36 gold pieces
  6978 | D:7      | Found a staircase to the Ecumenical Temple.
  6986 | Temple   | Entered the Ecumenical Temple
  6997 | Temple   | Became a worshipper of Ru the Awakened
  7866 | D:2      | Reached skill level 10 in Short Blades
  7872 | D:2      | Noticed Jessica
  7880 | D:2      | Killed Jessica
  7880 | D:2      | Reached skill level 10 in Stealth
  7888 | D:2      | Found a blossoming altar of Fedhas.
  7912 | D:2      | Found an ancient bone altar of Kikubaaqudgha.
  8242 | D:2      | Found a shadowy altar of Dithmenos.
  8360 | D:3      | Gained mutation: You are somewhat unskilled. (-1 Apt) [Ru sacrifice]
  8360 | D:3      | Reached * piety under Ru
  8393 | D:3      | Found a glowing golden altar of the Shining One.
  8450 | D:3      | Found an opulent altar of Gozag.
  9413 | D:6      | Reached skill level 5 in Shields
 10707 | D:7      | Found an opulent altar of Gozag.
 10990 | D:8      | Noticed a two-headed ogre
 10998 | D:8      | Killed a two-headed ogre
 10998 | D:8      | Reached XP level 10. HP: 46/46 MP: 11/14
 11033 | D:8      | Noticed Gastronok
 11072 | D:8      | Killed from afar by Gastronok

Vault maps used:
D:1:      dpeg_arrival_tiny_g, minmay_misc_feat_enclosed
D:2:      overflow_temple_1_default, grunt_dithmenos_smoke_and_mirrors,
          fedhas_altar_3, uniq_jessica
D:3:      nicolae_tso_carved_into_rock, first_ration, serial_undead,
          serial_undead_a, serial_undead_a, serial_undead_a, serial_undead_a,
          nicolae_gozag_seed_capital
D:5:      elyvilon_altar_3, grunt_temple_overflow_open, basic_altar,
          grunt_ministairs_4
D:6:      nicolae_ossuary_entry_catacombs, uniq_duvessa
D:7:      lemuel_doored_altar, minmay_temple_entry_statues_pillars,
          serial_shops, shop
D:8:      kennysheep_big_flooded_room, special_room, uniq_gastronok, uniq_joseph
Temple:   eino_wide_crystal_templ
Ossuary:  ossuary_minmay_four_chambers

Skill      XL: |  1  2  3  4  5  6  7  8  9 |
---------------+----------------------------+-----
Stealth        | 2 3 4 5 6 8 9 |  9.2
Short Blades   | 3 4 5 6 8 9 |  9.1
Shields        | 3 4 6 |  6.2
Evocations     | 4 5 4 |  4.5
Fighting       | |  2.1
Dodging        | |  4.0

Action                   |  1- 3 |  4- 6 |  7- 9 | 10-12 || total
-------------------------+-------+-------+-------+-------++-------
Melee: Rapier            |    68 |   204 |   109 |       ||   381
       Dagger            |       |       |   442 |    20 ||   462
 Fire: Blowgun           |       |       |       |     2 ||     2
Invok: Sacrifice Skill   |       |       |     1 |       ||     1
 Abil: Evoke Invisibilit |       |       |     4 |       ||     4
  Use: Scroll            |       |     5 |       |       ||     5
 Stab: Sleeping          |       |     6 |    33 |       ||    39
       Invisible         |       |       |     6 |       ||     6
       Distracted        |       |       |     2 |       ||     2
  Eat: Ration            |       |     3 |     3 |       ||     6
Armor: Robe              |     3 |     1 |    24 |     1 ||    29
Dodge: Dodged            |    35 |    90 |   192 |    11 ||   328
Block: Buckler           |    15 |    47 |   121 |     5 ||   188

Table legend:
 A = Spawn XP
 B = Non-spawn XP
 C = Spawn XP percentage of total XP
 D = Spawn monster count
 E = Non-spawn monster count
 F = Spawn count percentage of total count
 G = Total turns spent on level
                    A         B        C        D         E        F      G
               +---------+---------+-------+---------+---------+-------+---------
         Total |       0 |    5600 |   0.0 |       0 |     195 |   0.0 | 11072
               +---------+---------+-------+---------+---------+-------+---------
           D:1 |       0 |      85 |   0.0 |       0 |      22 |   0.0 |   897
           D:2 |       0 |     153 |   0.0 |       0 |      20 |   0.0 |   765
           D:3 |       0 |     216 |   0.0 |       0 |      26 |   0.0 |  1643
           D:4 |       0 |     704 |   0.0 |       0 |      31 |   0.0 |  1681
           D:5 |       0 |     416 |   0.0 |       0 |      18 |   0.0 |   639
           D:6 |       0 |    1824 |   0.0 |       0 |      42 |   0.0 |  2701
           D:7 |       0 |     518 |   0.0 |       0 |      18 |   0.0 |   676
           D:8 |       0 |     768 |   0.0 |       0 |       1 |   0.0 |    89
        Temple |       0 |     142 |   0.0 |       0 |       2 |   0.0 |   148
       Ossuary |       0 |     774 |   0.0 |       0 |      15 |   0.0 |  1833
               +---------+---------+-------+---------+---------+-------+---------
